 Dungeon Crawl Stone Soup version 0.22-a0-525-gf69a080 (webtiles) character file.

21702 kae the Carver (level 12, -1/110 HPs)
             Began as a Minotaur Fighter on June 20, 2018.
             Was an Elder of Makhleb.
             Slain by a polar bear (7 damage)
             ... in an ice cave.
             The game lasted 00:14:35 (14988 turns).

kae the Carver (Minotaur Fighter)                  Turns: 14988, Time: 00:14:36

Health: -1/110     AC: 10    Str: 23    XL:     12   Next: 56%
Magic:  15/15      EV: 18    Int:  5    God:    Makhleb [****..]
Gold:   365        SH:  0    Dex: 20    Spells: 11/11 levels left

rFire    + . .     SeeInvis .   J - +1 great sword
rCold    + . .     Gourm    +   (shield currently unavailable)
rNeg     . . .     Faith    .   b - +1 scale mail
rPois    .         Spirit   .   x - +0 hat "Junwun" {rF+ MR+ Int-2 Dex+9}
rElec    .         Reflect  .   (no cloak)
rCorr    +         Harm     .   (no gloves)
MR       +....                  (no boots)
Stlth    ..........             u - amulet of the gourmand
HPRegen  0.28/turn              M - ring of resist corrosion
MPRegen  0.14/turn              I - ring of protection from cold

@: studying Poison Magic
A: retaliatory headbutt, horns 2
a: Minor Destruction, Lesser Servant of Makhleb, Major Destruction, Renounce
Religion


You were in an ice cave.
You worshipped Makhleb.
Makhleb was greatly pleased with you.
You were completely stuffed.

You visited 3 branches of the dungeon, and saw 13 of its levels.
You also visited: Sewer and Ice Cave.

You collected 563 gold pieces.
You spent 198 gold pieces at shops.

Inventory:

Hand Weapons
 a - a +1 long sword
 J - a +1 great sword (weapon)
Armour
 b - a +1 scale mail (worn)
 c - a +0 shield
 x - the +0 hat "Junwun" (worn) {rF+ MR+ Int-2 Dex+9}
   (You bought it in a shop on level 6 of the Dungeon)

   It affects your intelligence (-2).
   It affects your dexterity (+9).
   It protects you from fire.
   It affects your resistance to hostile enchantments.
 y - a +2 hat
Jewellery
 q - a +3 ring of intelligence
 t - an uncursed ring of flight
 u - an amulet of the gourmand (around neck)
 D - an uncursed ring of protection from fire
 E - an uncursed ring of poison resistance
 I - a ring of protection from cold (right hand)
 M - a ring of resist corrosion (left hand)
Wands
 m - a wand of iceblast (11)
 w - a wand of flame (39)
 C - a wand of polymorph (14)
 N - a wand of paralysis (4)
 O - a wand of clouds (2)
 P - a wand of digging (23)
Scrolls
 g - 9 scrolls of remove curse
 j - 3 scrolls of enchant armour
 k - 4 scrolls of amnesia
 o - 3 scrolls of teleportation
 p - 5 scrolls of blinking
 z - a scroll of magic mapping
 A - 3 scrolls of fog
 F - a scroll of enchant weapon
 L - a scroll of brand weapon {unknown}
Potions
 d - 3 potions of might
 e - 2 potions of magic
 h - 5 potions of curing
 l - 6 potions of heal wounds
 n - 5 potions of haste
 r - a potion of agility
 s - 2 potions of ambrosia
 v - a potion of lignification
 G - a potion of flight
 H - a potion of invisibility
 K - 2 potions of cancellation {unknown}
Books
 i - a manual of Poison Magic
Comestibles
 f - 29 rations


   Skills:
 + Level 11.3 Fighting
 * Level 14.9 Long Blades
 + Level 11.3 Armour
 + Level 9.9 Dodging
 - Level 3.6 Shields
 + Level 6.0 Invocations


You had 11 spell levels left.
You didn't know any spells.
Your spell library contained the following spells:

 Spells                   Type           Power        Failure   Level  Hunger
 Confuse                  Hex            #.......     97%         3    ####...
 Throw Frost              Conj/Ice       #.....       86%         2    ###....
 Freeze                   Ice            #...         73%         1    ##.....
 Summon Ice Beast         Ice/Summ       #.......     100%        4    #####..
 Ozocubu's Armour         Chrm/Ice       #.......     97%         3    ####...
 Tukima's Dance           Hex            #.......     97%         3    ####...
 Stone Arrow              Conj/Erth      #.....       97%         3    ####...
 Throw Icicle             Conj/Ice       #.......     100%        4    #####..
 Passwall                 Tmut/Erth      #.......     86%         2    ###....
 Ensorcelled Hibernation  Hex/Ice        #.....       86%         2    ###....
 Corona                   Hex            #......      73%         1    ##.....
 Lee's Rapid Deconstruct  Erth           #.........   100%        5    ######.
 Sandblast                Erth           #.....       73%         1    ##.....
 Petrify                  Tmut/Erth      #.......     100%        4    #####..
 Dazzling Spray           Conj/Hex       #.....       97%         3    ####...


Dungeon Overview and Level Annotations

Branches:
Dungeon (11/15)            Temple (1/1) D:4            Lair (1/6) D:10
    Orc (0/2) D:10

Altars:
Ashenzari
Cheibriados
Dithmenos
Elyvilon
Fedhas
Gozag
Hepliaklqana
Kikubaaqudgha
Makhleb
Nemelex Xobeh
Okawaru
Qazlal
Ru
Sif Muna
Trog
Uskayaw
Vehumet
Wu Jian
Xom
Yredelemnul
Zin
The Shining One

Shops:
D:4 }   D:6 (%}[

Annotations:
D:10 2 transporters


Innate Abilities, Weirdness & Mutations

You reflexively headbutt those who attack you in melee.
You have a pair of horns on your head.


Message History

Makhleb accepts your kill.
You can now hurl Makhleb's greater destruction.
You feel better.
You slice the polar bear!! You headbutt the polar bear.
The polar bear is severely wounded.
The polar bear bites you.
* * * LOW HITPOINT WARNING * * *
The polar bear claws you but does no damage. x2
You slash the polar bear!
You headbutt the polar bear, but do no damage.
The polar bear is almost dead.
The polar bear goes berserk!
You closely miss the polar bear. Your headbutt misses the polar bear.
The polar bear is almost dead.
The polar bear bites you!
* * * LOW HITPOINT WARNING * * *
The polar bear claws you.
* * * LOW HITPOINT WARNING * * *
The polar bear closely misses you. The polar bear bites you!
You die...

≈≈≈≈≈≈≈ ≈≈#≈≈#
≈≈≈##### #
≈≈##...### .#
≈#≈..##..## ...
≈≈.#####..# ....
#### #..########
....#
#..#...##...##h..#
#######...##@hk#
##########


You could see 2 polar bears and a rime drake.

Vanquished Creatures
  A frost giant (IceCv)
  A hydra (Lair:1)
  A two-headed ogre (D:8)
  A death yak (IceCv)
  An unseen horror (D:11)
  Pikel (D:5)
  A deep elf mage (D:7)
  A manticore (D:11)
  A cyclops (D:11)
  Psyche (D:11)
  A gargoyle (D:10)
  2 rime drakes (Lair:1)
  2 trolls
  12 polar bears (IceCv)
  5 blink frogs (Lair:1)
  A meliai zombie (D:11)
  3 hippogriffs
  A hornet (D:10)
  4 hogs (D:7)
  Eustachio (D:6)
  23 yaks
  A human (D:7)
  2 hungry ghosts (D:10)
  Grum (D:8)
  Duvessa (D:5)
  3 sky beasts
  3 slaves (D:5)
  2 black bears
  A phantom (D:4)
  An ice beast (D:8)
  An orc warrior (D:7)
  12 wolves
  2 ogres
  13 centaurs
  2 crocodiles (Lair:1)
  4 bullfrogs
  Dowan (D:5)
  A wyvern skeleton (D:9)
  4 scorpions
  3 jellies
  5 killer bees (D:9)
  10 wights
  6 electric eels (D:8)
  4 crimson imps
  A bullfrog zombie (D:10)
  A quasit (D:7)
  A centaur zombie (D:7)
  3 orc priests
  A hound (D:6)
  A gnoll shaman (D:8)
  A bullfrog skeleton (D:5)
  Ijyb (D:5)
  5 iguanas
  10 orc wizards
  9 worker ants
  A howler monkey zombie (D:6)
  4 gnolls (D:8)
  2 worker ant zombies
  20 adders
  2 river rats (D:3)
  4 shadow imps
  2 oozes
  An adder zombie (D:9)
  6 worms
  3 dart slugs
  7 leopard geckos
  29 orcs
  6 bats
  7 giant cockroaches
  10 goblins
  4 hobgoblins
  8 jackals
  3 quokkas
  4 ball pythons
  11 frilled lizards
  16 kobolds
  A leopard gecko skeleton (D:4)
  A quokka skeleton (D:10)
  8 rats
342 creatures vanquished.

Vanquished Creatures (others)
  2 polar bears (IceCv)
  2 wolves (IceCv)
  A centaur (D:5)
  3 plants (D:8)
8 creatures vanquished.

Grand Total: 350 creatures vanquished

Notes
Turn   | Place    | Note
-------+----------+-------------------------------------------
     0 | D:1      | kae the Minotaur Fighter began the quest for the Orb.
     0 | D:1      | Reached XP level 1. HP: 19/19 MP: 0/0
   360 | D:1      | Reached XP level 2. HP: 21/27 MP: 1/1
   527 | D:1      | Reached skill level 3 in Long Blades
   754 | D:2      | Reached skill level 1 in Dodging
   868 | D:2      | Reached XP level 3. HP: 29/33 MP: 2/2
   950 | D:2      | Reached XP level 4. HP: 40/40 MP: 3/3
   982 | D:2      | Reached skill level 4 in Long Blades
  2036 | D:3      | Reached XP level 5. HP: 36/47 MP: 4/4
  2140 | D:3      | Found a glowing drain.
  2144 | Sewer    | Entered a sewer
  3332 | D:3      | Found a faded altar of an unknown god.
  3552 | D:4      | Reached skill level 5 in Long Blades
  3800 | D:4      | Reached XP level 6. HP: 52/55 MP: 5/5
  3915 | D:4      | Reached skill level 5 in Fighting
  4015 | D:4      | Found a staircase to the Ecumenical Temple.
  4025 | Temple   | Entered the Ecumenical Temple
  4404 | D:4      | Reached skill level 5 in Armour
  4498 | D:4      | Found Ohiokkeo's Gadget Shop.
  4561 | D:4      | Reached skill level 6 in Long Blades
  4561 | D:4      | Reached XP level 7. HP: 58/61 MP: 6/6
  4770 | D:5      | Entered Level 5 of the Dungeon
  4817 | D:5      | Noticed Pikel
  4844 | D:5      | Killed Pikel
  4844 | D:5      | Reached skill level 7 in Long Blades
  4844 | D:5      | Reached XP level 8. HP: 44/70 MP: 7/7
  5298 | D:5      | Noticed Ijyb
  5305 | D:5      | Killed Ijyb
  5620 | D:5      | Noticed Duvessa
  5621 | D:5      | Noticed Dowan
  5633 | D:5      | Killed Duvessa
  5633 | D:5      | Reached skill level 8 in Long Blades
  5643 | D:5      | Killed Dowan
  5977 | D:6      | Noticed Eustachio
  6018 | D:6      | Killed Eustachio
  6018 | D:6      | Reached skill level 5 in Dodging
  6147 | D:6      | Found Xicograu's Gadget Shop.
  6158 | D:6      | Found Nohaanut's Antique Armour Emporium.
  6166 | D:6      | Bought a smoking hat for 198 gold pieces
  6176 | D:6      | Identified the +0 hat "Junwun" {rF+ MR+ Int-2 Dex+9} (You bought it in a shop on level 6 of the Dungeon)
  6558 | D:6      | Found Hitz's Antique Weapon Shop.
  6724 | D:6      | Found Wihauphe's Food Emporium.
  6932 | D:7      | Noticed a deep elf mage
  6942 | D:7      | Killed a deep elf mage
  6942 | D:7      | Reached skill level 9 in Long Blades
  6942 | D:7      | Reached XP level 9. HP: 50/79 MP: 8/8
  7138 | D:7      | Reached skill level 10 in Long Blades
  7588 | D:7      | Found a stormy altar of Qazlal.
  8118 | D:8      | Noticed a two-headed ogre
  8265 | D:8      | Found a burning altar of Makhleb.
  8488 | D:8      | Became a worshipper of Makhleb the Destroyer
  8750 | D:8      | Killed a two-headed ogre
  8750 | D:8      | Reached skill level 11 in Long Blades
  8750 | D:8      | Reached XP level 10. HP: 88/90 MP: 9/9
  9143 | D:8      | Noticed Grum
  9164 | D:8      | Killed Grum
  9365 | D:8      | Reached skill level 1 in Invocations
  9657 | D:8      | Found a glowing golden altar of the Shining One.
  9985 | D:8      | Found a radiant altar of Vehumet.
 10302 | D:9      | Reached * piety under Makhleb
 10573 | D:9      | Reached skill level 12 in Long Blades
 11323 | D:10     | Entered Level 10 of the Dungeon
 11323 | D:10     | Found a staircase to the Lair.
 11363 | D:10     | Noticed a fire dragon
 11364 | D:10     | Noticed an ogre mage
 11370 | D:10     | Noticed an ogre mage
 11387 | D:10     | Found a transporter.
 11452 | D:10     | Found a transporter.
 11560 | D:10     | Found a snail-covered altar of Cheibriados.
 11605 | D:10     | Noticed a gargoyle
 11618 | D:10     | Killed a gargoyle
 11841 | D:10     | Found a staircase to the Orcish Mines.
 12032 | D:10     | Reached XP level 11. HP: 99/99 MP: 12/12
 12355 | D:11     | Reached ** piety under Makhleb
 12568 | D:11     | Reached skill level 10 in Fighting
 12623 | D:11     | Reached skill level 13 in Long Blades
 12623 | D:11     | Reached skill level 10 in Armour
 12810 | D:11     | Noticed Psyche
 12816 | D:11     | Killed Psyche
 13248 | D:11     | Killed an unseen horror
 13787 | Lair:1   | Entered Level 1 of the Lair of Beasts
 13821 | Lair:1   | Noticed a six-headed hydra
 13826 | Lair:1   | Killed an eight-headed hydra
 13991 | Lair:1   | Found a frozen archway.
 14004 | IceCv    | Entered an ice cave
 14017 | IceCv    | Reached *** piety under Makhleb
 14029 | IceCv    | Reached skill level 14 in Long Blades
 14029 | IceCv    | Reached skill level 5 in Invocations
 14688 | IceCv    | Reached XP level 12. HP: 108/108 MP: 14/14
 14806 | IceCv    | Noticed a death yak
 14814 | IceCv    | Killed a death yak
 14926 | IceCv    | Noticed a frost giant
 14958 | IceCv    | Killed a frost giant
 14985 | IceCv    | Reached **** piety under Makhleb
 14988 | IceCv    | Slain by a polar bear

Vault maps used:
D:1:      dpeg_arrival_oval, minmay_pentomino_s4
D:3:      chequers_ecumenical_altar_island, gup_sewer_entry_spiral
D:4:      temple_statues, serial_shops,
          nicolae_shop_temple_entry_statues_fountains, first_ration
D:5:      minmay_misc_feat_secret_circle, minmay_misc_feat_columns,
          uniq_duvessa, uniq_pikel, uniq_ijyb
D:6:      lemuel_ice_spiral_2, serial_shops, shop, nicolae_shop_stone,
          kennysheep_mini, shop, uniq_eustachio
D:7:      overflow_temple_1_default, grunt_decor_mini_mirrors, grunt_livestock,
          guppyfry_early_elven_hall
D:8:      bloody_makhleb, tso_oasis_becter, overflow_temple_1_default,
          serial_bayou, serial_bayou_lagoon_a, serial_bayou_lake_a,
          serial_bayou_shore_a, serial_bayou_ford_a, grunt_ministairs_2,
          uniq_grum
D:10:     gammafunk_sealed_arena, lair_entry_dummy, orc_0_dummy, basic_altar
D:11:     kennysheep_big_empty_room, uniq_psyche
Temple:   dpeg_five_rooms_temple
Lair:1:   lab_entry_generic, portal_ice_cave_rime, grunt_megastairs_3,
          uniq_erica
Sewer:    sewer_co_scattered_pipes
IceCv:    ice_cave_caverns_03

Skill      XL: |  1  2  3  4  5  6  7  8  9 10 11 12 |
---------------+-------------------------------------+-----
Long Blades    | 3 4 5 6 7 9 11 12 14 | 14.9
Dodging        | 1 2 3 4 5 7 8 9 |  9.9
Fighting       | 4 5 6 7 8 9 10 11 | 11.3
Armour         | 4 5 6 7 8 9 10 11 | 11.3
Invocations    | 3 5 6 |  6.0
Shields        | |  3.6

Action                   |  1- 3 |  4- 6 |  7- 9 | 10-12 || total
-------------------------+-------+-------+-------+-------++-------
Melee: Long sword        |    78 |   216 |   282 |   252 ||   828
       Headbutt          |    11 |    43 |    65 |   171 ||   290
       Great sword       |       |       |       |   241 ||   241
Evoke: Wand              |       |       |     5 |     9 ||    14
  Use: Potion            |     1 |       |       |     5 ||     6
       Scroll            |       |    11 |     4 |     8 ||    23
  Eat: Chunk             |       |     9 |    15 |    37 ||    61
       Ration            |       |     1 |       |       ||     1
Armor: Scale mail        |    48 |    78 |    90 |   128 ||   344
       Skin              |       |       |       |    30 ||    30
Dodge: Dodged            |    30 |    53 |    84 |   348 ||   515
Block: Shield            |    41 |    91 |   113 |   110 ||   355
       Rpst.: Long sword |     6 |    17 |    28 |    22 ||    73
       Great sword       |       |       |       |    50 ||    50

Table legend:
 A = Spawn XP
 B = Non-spawn XP
 C = Spawn XP percentage of total XP
 D = Spawn monster count
 E = Non-spawn monster count
 F = Spawn count percentage of total count
 G = Total turns spent on level
                    A         B        C        D         E        F      G
               +---------+---------+-------+---------+---------+-------+---------
         Total |       0 |   31004 |   0.0 |       0 |     339 |   0.0 | 14988
               +---------+---------+-------+---------+---------+-------+---------
           D:1 |       0 |      30 |   0.0 |       0 |      20 |   0.0 |   749
           D:2 |       0 |     151 |   0.0 |       0 |      32 |   0.0 |  1046
           D:3 |       0 |     100 |   0.0 |       0 |      22 |   0.0 |   927
           D:4 |       0 |     464 |   0.0 |       0 |      23 |   0.0 |  1015
           D:5 |       0 |    1140 |   0.0 |       0 |      20 |   0.0 |  1168
           D:6 |       0 |     589 |   0.0 |       0 |      15 |   0.0 |   890
           D:7 |       0 |    2212 |   0.0 |       0 |      22 |   0.0 |  1346
           D:8 |       0 |    2902 |   0.0 |       0 |      37 |   0.0 |  2070
           D:9 |       0 |    1910 |   0.0 |       0 |      20 |   0.0 |  1079
          D:10 |       0 |    2544 |   0.0 |       0 |      29 |   0.0 |  1007
          D:11 |       0 |    5055 |   0.0 |       0 |      31 |   0.0 |  1457
        Lair:1 |       0 |    3281 |   0.0 |       0 |      10 |   0.0 |   217
         Sewer |       0 |      37 |   0.0 |       0 |      17 |   0.0 |   795
         IceCv |       0 |   10589 |   0.0 |       0 |      41 |   0.0 |   984
               +---------+---------+-------+---------+---------+-------+---------
